 Dungeon Crawl Stone Soup version 0.18.1-48-g4cf74bf (webtiles) character file.

414 Gargoyl the Skirmisher (level 6, -4/48 HPs)
             Began as a Demonspawn Abyssal Knight on Aug 20, 2016.
             Was a Priest of Lugonu.
             Slain by an ogre
             ... wielding a +0 giant club
              (23 damage)
             ... on level 5 of the Dungeon.
             The game lasted 00:10:07 (3646 turns).

Gargoyl the Skirmisher (Demonspawn Abyssal Knight)  Turns: 3646, Time: 00:10:08

Health: -4/48      AC: 12    Str: 15    XL:     6   Next: 60%
Magic:  17/17      EV:  3    Int: 13    God:    Lugonu [***...]
Gold:   182        SH: 14    Dex: 12    Spells: 0 memorised, 5 levels left

rFire  . . .     SeeInvis +     a - +1 hand axe
rCold  + . .     Gourm    .     v - +0 chain mail
rNeg   . . .     Faith    .     g - +2 large shield
rPois  .         Spirit   .     s - +0 helmet
rElec  .         Dismiss  .     t - +0 cloak
rCorr  .         Reflect  .     j - +0 pair of gloves (curse)
SustAt .         Harm     .     (no boots)
MR     .....                    (no amulet)
Stlth  ..........               l - ring of see invisible
                                d - ring of magical power

@: not resistant to hostile enchantments, extremely unstealthy
A: talons 2, cold resistance 1, powered by death 1
a: Depart the Abyss, Bend Space, Banish, Renounce Religion


You were on level 5 of the Dungeon.
You worshipped Lugonu.
Lugonu was most pleased with you.
You were not hungry.

You visited 1 branch of the dungeon, and saw 5 of its levels.
You visited the Abyss 1 time.

You collected 182 gold pieces.

Inventory:

Hand Weapons
 a - a +1 hand axe (weapon)
Missiles
 r - 4 javelins of penetration (quivered)
Armour
 g - a +2 large shield (worn)
 j - a cursed +0 pair of gloves (worn)
 s - a +0 helmet (worn)
 t - a +0 cloak (worn)
 v - a +0 chain mail (worn)
Jewellery
 d - a ring of magical power (left hand)
 l - a ring of see invisible (right hand)
Scrolls
 b - a scroll of teleportation {unknown}
 e - 5 scrolls of identify {unknown}
 i - 2 scrolls of remove curse {unknown}
 m - a scroll of random uselessness {unknown}
 n - 5 scrolls of enchant weapon {unknown}
 o - 2 scrolls of immolation {unknown}
 x - a scroll of enchant armour {unknown}
 y - a scroll of recharging {unknown}
Potions
 h - 4 potions of haste
 k - a potion of lignification {unknown}
 p - 4 potions of curing {unknown}
 q - 2 potions of flight {unknown}
 u - a potion of heal wounds {unknown}
Comestibles
 c - 2 bread rations
 f - 5 chunks of flesh
 w - a meat ration


   Skills:
 + Level 4.0 Fighting
 + Level 2.4 Axes
 * Level 3.9 Armour
 + Level 2.4 Dodging
 + Level 0.4 Stealth
 + Level 2.7 Shields
 + Level 2.7 Invocations


You had 5 spell levels left.
You didn't know any spells.

Dungeon Overview and Level Annotations

Branches:
Dungeon (5/15)
 Temple: D:4-7

Altars:
Elyvilon
Pakellas

Annotations:
D:4 Irinka's ghost, amateur HOGl


Innate Abilities, Weirdness & Mutations

You have razor-sharp toenails.
Your flesh is cold resistant.
You regenerate a little health from kills.


Message History

There is a stone staircase leading up here.
You start resting.
You can no longer corrupt the fabric of space.
You start resting.
HP restored.
You climb upwards.
Level annotation: Irinka's ghost, amateur HOGl You block the ogre's attack.
There is a stone staircase leading down here.
Irinka's ghost hits you. The ogre hits you with a giant club!
You climb downwards.
There is a stone staircase leading up here.
You hit the ogre but do no damage. The ogre barely misses you.
You hit the ogre.
The ogre is lightly wounded.
The ogre hits you with a giant club!
You barely miss the ogre.
The ogre is lightly wounded.
The ogre hits you with a giant club!!
You die...

#################
#....)........?..
#.....[..........
#................
#............$...
##...##...##.##..
### #@O.# #
#..........
#..........
#..........
###+##..... .....
.... ....


You could see an ogre.

Vanquished Creatures
  A scorpion (D:4)
  A giant frog skeleton (D:5)
  An orc priest (D:4)
  Ijyb (D:3)
  2 worker ants (D:4)
  Natasha (twice) (D:3)
  An orc wizard (D:4)
  Robin (D:2)
  4 gnolls (D:4)
  An adder (D:2)
  An adder zombie (D:1)
  2 worms (D:3)
  A dart slug (D:2)
  A giant gecko (D:1)
  3 orcs
  A giant cockroach (D:1)
  18 goblins
  13 hobgoblins
  13 jackals (D:2)
  6 kobolds
  2 quokkas
  4 ball pythons
  8 bats
  A giant cockroach zombie (D:1)
  3 giant newts
  13 rats
105 creatures vanquished.

Notes
Turn   | Place    | Note
--------------------------------------------------------------
     0 | Abyss:1  | Gargoyl the Demonspawn Abyssal Knight began the quest for the Orb.
     0 | Abyss:1  | Reached XP level 1. HP: 18/18 MP: 2/2
     0 | Abyss:1  | Noticed a large abomination
    37 | Abyss:1  | Noticed a thrashing horror
    38 | D:1      | Escaped the Abyss
    68 | D:1      | Reached skill level 1 in Dodging
   263 | D:1      | Gained mutation: You have sharp toenails. [demonic ancestry]
   263 | D:1      | Reached XP level 2. HP: 24/24 MP: 3/3
   310 | D:1      | Reached * piety under Lugonu
  1136 | D:2      | Gained mutation: You regenerate a little health from kills. [demonic ancestry]
  1136 | D:2      | Reached XP level 3. HP: 25/29 MP: 5/5
  1320 | D:2      | Reached ** piety under Lugonu
  1494 | D:2      | Reached XP level 4. HP: 36/36 MP: 6/6
  1665 | D:2      | Noticed Robin
  1677 | D:2      | Reached *** piety under Lugonu
  1687 | D:2      | Killed Robin
  1742 | D:2      | Reached skill level 1 in Shields
  2141 | D:3      | Noticed Natasha
  2153 | D:3      | Killed Natasha
  2194 | D:3      | Noticed Ijyb
  2212 | D:3      | Killed Ijyb
  2212 | D:3      | Gained mutation: Your flesh is cold resistant. [demonic ancestry]
  2212 | D:3      | Reached XP level 5. HP: 42/42 MP: 7/7
  2383 | D:3      | Found an oddly glowing altar of Pakellas.
  2383 | D:3      | Noticed Natasha
  2415 | D:3      | Killed Natasha
  3244 | D:4      | Found a white marble altar of Elyvilon.
  3383 | D:4      | Reached skill level 4 in Fighting
  3383 | D:4      | Gained mutation: You have razor-sharp toenails. [demonic ancestry]
  3383 | D:4      | Reached XP level 6. HP: 25/48 MP: 8/8
  3493 | D:4      | Reached **** piety under Lugonu
  3515 | D:4      | Noticed Irinka's ghost (amateur HOGl)
  3540 | D:5      | Entered Level 5 of the Dungeon
  3646 | D:5      | Slain by an ogre

Skill      XL: |  1  2  3  4  5 |
---------------+----------------+-----
Dodging        | 1 2 |  2.4
Armour         | 2 3 |  3.9
Axes           | 2 |  2.4
Shields        | 1 2 |  2.7
Fighting       | 4 |  4.0
Stealth        | |  0.4
Invocations    | |  2.7

Action                   |  1- 3 |  4- 6 || total
-------------------------+-------+-------++-------
Melee: Hand axe          |   127 |   239 ||   366
       Kick              |    20 |    61 ||    81
Invok: Depart the Abyss  |     1 |       ||     1
  Use: Potion            |       |     3 ||     3
  Eat: Chunk             |     2 |     8 ||    10
Armor: Leather armour    |    23 |       ||    23
       Scale mail        |    47 |       ||    47
       Chain mail        |     5 |   141 ||   146
Dodge: Dodged            |    45 |    17 ||    62
Block: Large shield      |   108 |   195 ||   303
